 Dungeon Crawl Stone Soup version 0.25-a0-701-gb30f108 (webtiles) character file.

Game seed: 3656077199726499820, levelgen mode: deterministic

48 BlueFish the Chucker (level 3, -3/35 HPs)
             Began as a Troll Hunter on Apr 3, 2020.
             Slain by a goblin (5 damage)
             ... led by Robin
             ... on level 2 of the Dungeon.
             The game lasted 00:01:20 (545 turns).

BlueFish the Chucker (Troll Hunter)                  Turns: 545, Time: 00:01:21

Health: -3/35      AC:  6    Str: 21    XL:     3   Next: 50%
Magic:  2/2        EV: 10    Int:  7    God:
Gold:   23         SH:  0    Dex: 10    Spells: 2/2 levels left

rFire    . . .     SeeInvis .     - Unarmed
rCold    . . .     Gourm    +   (no shield)
rNeg     . . .     Faith    .   b - +0 robe
rPois    .         Spirit   .   (helmet restricted)
rElec    .         Reflect  .   (no cloak)
rCorr    .         Harm     .   (gloves unavailable)
MR       .....                  (boots unavailable)
Stlth    +.........             (no amulet)
HPRegen  0.51/turn              (no ring)
MPRegen  0.08/turn              (no ring)

@: no status effects
A: large, unfitting armour, claws 3, fast metabolism 3, gourmand, regeneration
1, shaggy fur 1, tough skin 3
a: no special abilities


You were on level 2 of the Dungeon.
You were very full.

You visited 1 branch of the dungeon, and saw 2 of its levels.

You collected 23 gold pieces.

Inventory:

Missiles
 c - 5 large rocks (quivered)
 d - 2 throwing nets
Armour
 b - a +0 robe (worn)
Comestibles
 a - a chunk of flesh
 f - 2 rations


   Skills:
 * Level 1.9 Fighting
 + Level 4.2 Throwing
 + Level 1.7 Dodging
 + Level 0.4 Stealth
 * Level 1.2 Unarmed Combat


You had 2 spell levels left.
You didn't know any spells.
Your spell library was empty.

Dungeon Overview and Level Annotations

Branches:
Dungeon (2/15)

Altars:


Innate Abilities, Weirdness & Mutations

You are too large for most types of armour.
You have claws for hands.
Your metabolism is lightning-fast.
You like to eat raw meat.
Your natural rate of healing is unusually fast.
You are covered in fur. (AC +1)
You have extremely tough skin. (AC +3)


Message History

The goblin hits you but does no damage.
A hobgoblin comes into view. It is wielding a +0 club.
The goblin closely misses you.
You scratch the goblin.
The goblin is severely wounded.
The hobgoblin no longer looks unusually strong.
The goblin no longer looks unusually strong.
The hobgoblin no longer looks unusually strong.
The hobgoblin barely misses you. The goblin hits you.
* * * LOW HITPOINT WARNING * * *
The goblin barely misses you.
You barely miss the goblin.
The goblin is severely wounded.
The hobgoblin no longer looks unusually strong.
The goblin hits you.
* * * LOW HITPOINT WARNING * * *
The hobgoblin barely misses you.
A jackal comes into view.
The goblin hits you.
You die...

,* *****,,,,,,,,,,,,,# *,**,,,,,,
,* *,,,,,,******.# *,#*,,,,,, ,*
*,,,,,,* *.#**.#,,,*,,, ,*
**,,,,,,* *#.##h..,,**,,,
,******,,,,,,,* *.....!.,,,*,,,
,,,,,,*,,,,,,,**###...(...,,,,,,,
,,,,,,*,*,*,,,,*#<...$#*,,,,,,,,,
,,,,,,*,*,*,,,,##g#####*,,,,,,,,,
,,,,,,*,*,*,,,,#@g# *,,,,,,,,,
,,,,,,,,*,**#gggg## *,,,,,,,,,
*,****,,,.....ggg#******,*,,,*,,,
*,* **,,*####.....,,,,**,,,******
*,* *,,,**,.......,,,,,,,********
*,* *,*,**.........,,,,,,,*,,,,,,
*,***,,,,..........,,,,,,,*,,,,,,
*,,,,,,,*#..........,,,,,,,,,,,,,
*,,,,,,,***,,,,,,,,,,,,,,,*,,,,,,


You could see a jackal (wandering), 5 hobgoblins and 4 goblins.

Vanquished Creatures
  Robin (D:2)
  An ooze (D:1)
  A dart slug (D:1)
  A leopard gecko (D:1)
  5 giant cockroaches (D:1)
  3 goblins
  5 hobgoblins
  2 kobolds (D:1)
  A ball python (D:1)
  2 bats (D:1)
  4 frilled lizards (D:1)
  3 rats (D:1)
29 creatures vanquished.

Notes
Turn   | Place    | Note
-------+----------+-------------------------------------------
     0 | D:1      | BlueFish the Troll Hunter began the quest for the Orb.
     0 | D:1      | Reached XP level 1. HP: 19/19 MP: 0/0
    94 | D:1      | Reached XP level 2. HP: 24/27 MP: 1/1
   110 | D:1      | Reached skill level 4 in Throwing
   303 | D:1      | Reached XP level 3. HP: 33/35 MP: 2/2
   529 | D:2      | Noticed Robin
   530 | D:2      | Reached skill level 1 in Unarmed Combat
   542 | D:2      | Killed Robin
   545 | D:2      | Slain by a goblin

Levels and vault maps discovered:
D:1:      ncdulo_watergridlock, layout_rooms
D:2:      layout_rooms, gammafunk_temple_overflow_pools, first_ration,
          uniq_terence, uniq_robin

Skill      XL: |  1  2  3 |
---------------+----------+-----
Throwing       | 4 |  4.2
Unarmed Combat | 1 |  1.2
Fighting       | |  1.9
Dodging        | |  1.7
Stealth        | |  0.4

Action                   || total
-------------------------++-------
Melee: Unarmed           ||    98
       Punch             ||     1
  Use: Scroll            ||     3
       Potion            ||     1
  Eat: Chunk             ||    10
Armor: Robe              ||    40
Dodge: Dodged            ||    61

Table legend:
 A = Non-vault XP
 B = Vault XP
 C = Vault XP percentage of total XP
 D = Non-vault monster count
 E = Vault monster count
 F = Vault count percentage of total count
                 A         B        C        D         E       F
            +---------+---------+-------+---------+---------+-------
      Total |      49 |      20 |  29.0 |      26 |       3 |  10.3
            +---------+---------+-------+---------+---------+-------
        D:1 |      49 |       0 |   0.0 |      26 |       0 |   0.0
        D:2 |       0 |      20 | 100.0 |       0 |       3 | 100.0
            +---------+---------+-------+---------+---------+-------
